 Dungeon Crawl Stone Soup version 0.31-a0-319-g4fced400ed (webtiles) character file.

Game seed: 17266709346455365293

126 mopl the Changeling (level 5, -4/35 HPs)
             Began as an Octopode Shapeshifter on July 18, 2023.
             Slain by an orc
             ... wielding a +0 hand axe
              (7 damage)
             ... on level 4 of the Dungeon.
             The game lasted 00:03:17 (2206 turns).

mopl the Changeling (Octopode Shapeshifter)         Turns: 2206, Time: 00:03:17

Health: -4/35      AC:  1    Str: 14    XL:     5   Next: 10%
Magic:  5/5        EV: 13    Int: 11    God:
Gold:   198        SH:  0    Dex: 14    Spells: 4/4 levels left

rFire   . .          .
                       - Unarmed
rCold   . . .        (no shield)
rNeg    . . .        (helmet currently unavailable)
rPois   .            (no amulet)
rElec   .            (no ring)
rCorr   .            (no ring)
SInv    .            (no ring)
Will    .....        (no ring)
Stlth   ++           (no ring)
HPRegen 0.25/turn    (no ring)
MPRegen 0.09/turn    (no ring)
                     (no ring)

%: no passive effects
@: beast-form
A: beast (slay +2), almost no armour, amphibious, 8 rings, camouflage 1,
gelatinous body 1, (nimble swimmer 1), tentacles
a: Begin Untransformation


You were on level 4 of the Dungeon.
You were a hulking beast.
You visited 1 branch of the dungeon, and saw 4 of its levels.

You collected 198 gold pieces.

Inventory:

Missiles
 d - 8 poisoned darts (quivered)
 f - 4 javelins
Talismans
 b - a beast talisman
Wands
 n - a wand of roots (7)
Scrolls
 c - a scroll of enchant armour {unknown}
 e - a scroll of vulnerability {unknown}
 i - 2 scrolls of identify {unknown}
 j - 2 scrolls of teleportation {unknown}
 l - a scroll of immolation {unknown}
 m - a scroll of fog {unknown}
Potions
 a - a potion of lignification {!q}
 g - 3 potions of heal wounds {unknown}
 h - a potion of haste {unknown}
 k - a potion of magic {unknown}


   Skills:
 + Level 2.7 Fighting
 + Level 2.8 Dodging
 * Level 3.3 Unarmed Combat
 * Level 3.7 Shapeshifting


You had 4 spell levels left.
You didn't know any spells.
Your spell library was empty.

Dungeon Overview and Level Annotations

Branches:
Dungeon (4/15)
 Temple: D:4-7

Altars:

Shops:
D:4 =


Innate Abilities, Weirdness & Mutations

You are a hulking beast.
Your limbs bulge with bestial killing power. (Slay +2)
You cannot wear most types of armour.
You are amphibious.
You can wear up to eight rings at the same time.
Your skin changes colour to match your surroundings (Stealth+).
Your rubbery body absorbs attacks. (AC +1, EV +1)
((You are camouflaged when in or above water. (Stealth+)))
You have tentacles for arms and can constrict up to eight enemies at once.


Message History

You start resting.
HP restored.
You see here a hobgoblin corpse.
There is an entrance to Nuar's Jewellery Shop here.
You can access your shopping list by pressing '$'.
Unknown command.
A kobold and an orc come into view.
The orc is wielding a +0 club and quivering boomerangs of dispersal.
The kobold misses you.
You barely miss the kobold. You grab the kobold. You constrict the kobold.
The kobold barely misses you.
You tentacle-slap the kobold.
You kill the kobold!
An orc comes into view. It is wielding a +0 hand axe.
You see here a red potion.
An orc comes into view.
It is wielding a +0 mace. 2 orcs come into view.
Found a sapphire potion.
The orc shouts! x3
You bludgeon the orc!
You kill the orc!
The orc misses you.
You closely miss the orc. Your grab misses the orc.
Your squeeze misses the orc.
The orc hits you from afar with a +0 trident!
The orc hits you with a +0 hand axe!
You tentacle-slap the orc. You grab the orc.
The orc is lightly wounded.
You constrict the orc. The orc hits you with a +0 hand axe.
The orc hits you with a +0 hand axe!
* * * LOW HITPOINT WARNING * * *
The orc closely misses you.
You are too injured to fight recklessly!
You are too injured to fight recklessly!
You release your grip on the orc.
The orc attacks as you move away! The orc barely misses you.
The orc attacks as you move away! The orc hits you with a +0 hand axe.
* * * LOW HITPOINT WARNING * * *
The orc attacks as you move away! The orc hits you with a +0 hand axe!
You die...

.....# .....# .....+
.....# ########### !....#
.........# ######)....#
#.......# #....o.....#
###.......## #...o......#
...........###)!hoo...###
###....†.8.8##........#
....#.##..∩...........#
#####.##.8.8###########
#.##...## ## #.###### <#
#.# .####.# ......#


You could see 4 orcs.

Vanquished Creatures
  A hound (D:4)
  2 adders (D:3)
  3 dart slugs (D:1)
  2 orcs
  6 endoplasms
  3 giant cockroaches
  7 goblins
  8 hobgoblins
  7 kobolds
  5 quokkas
  5 ball pythons
  7 bats
  5 frilled lizards
  5 rats
66 creatures vanquished.

Notes
Turn   | Place    | Note
-------+----------+-------------------------------------------
     0 | D:1      | mopl the Octopode Shapeshifter began the quest for the Orb.
     0 | D:1      | Reached XP level 1. HP: 14/14 MP: 1/1
   155 | D:1      | Reached XP level 2. HP: 19/19 MP: 2/2
   456 | D:1      | Reached XP level 3. HP: 24/24 MP: 3/3
   676 | D:2      | Found a faded altar of an unknown god.
  1546 | D:3      | Reached XP level 4. HP: 30/30 MP: 4/4
  1690 | D:3      | Reached skill level 3 in Unarmed Combat
  2103 | D:4      | Found Nuar's Jewellery Shop.
  2115 | D:4      | Reached XP level 5. HP: 18/35 MP: 5/5
  2206 | D:4      | Slain by an orc

Illustrated notes

Levels and vault maps discovered:
D:1:      mrwooster_arrival_statue, layout_basic
D:2:      layout_loops_ring, nicolae_ecumenical_pavilion,
          kennysheep_small_spiral, minmay_tall_x
D:3:      layout_loops_ring, serial_bayou, serial_bayou_pond_d,
          serial_bayou_pond_c, serial_bayou_pond_e, serial_bayou_pond_c
D:4:      layout_basic, serial_shops, nicolae_shop_tiny_statue_garden,
          minivault_14

Skill      XL: |  1  2  3  4 |
---------------+-------------+-----
Unarmed Combat | 3 |  3.3
Fighting       | |  2.7
Dodging        | |  2.8
Shapeshifting  | |  3.7

Action                     |  1- 3 |  4- 6 || total
---------------------------+-------+-------++-------
  Melee: Unarmed           |    82 |    42 ||   124
         Tentacles         |    14 |     8 ||    22
         Constrict         |    23 |    10 ||    33
         Punch             |       |     1 ||     1
   Stab: Sleeping          |     8 |     6 ||    14
 Armour: Skin              |     7 |       ||     7
  Dodge: Dodged            |    44 |    20 ||    64

Table legend: (Time is in decaauts)
 A = Elapsed time spent in this place.
 B = Non-inter-level travel time spent in this place.
 C = Inter-level travel time spent in this place.
 D = Time resting spent in this place.
 E = Time spent auto-exploring this place.
 F = Levels seen in this place.
 G = Mean time per level.
                   A        B        C        D        E       F      G
               +--------+--------+--------+--------+--------+-----+--------+
         Total |   2199 |   2164 |     35 |    134 |   1652 |   4 |  549.8 |
       Dungeon |   2199 |   2164 |     35 |    134 |   1652 |   4 |  549.8 |
               +--------+--------+--------+--------+--------+-----+--------+

Top non-repeatable levels by time:
     D:2: 858 daAuts
     D:1: 675 daAuts
     D:3: 549 daAuts
     D:4: 116 daAuts
